 Dungeon Crawl Stone Soup version 0.20.1-1-g8b1a95d (webtiles) character file.

43 Jebus the Digger (level 3, 19/19 HPs)
             Began as a Gargoyle Earth Elementalist on Dec 2, 2017.
             Quit the game on level 2 of the Dungeon on Dec 4, 2017.
             The game lasted 00:02:13 (881 turns).

Jebus the Digger (Gargoyle Earth Elementalist)       Turns: 881, Time: 00:02:14

Health: 19/19      AC:  8    Str: 11    XL:     3   Next: 58%
Magic:  6/6        EV: 12    Int: 16    God:
Gold:   57         SH:  0    Dex: 10    Spells: 5/6 levels left

rFire    . . .     SeeInvis .   h - +1 spear (curse)
rCold    . . .     Gourm    .   (no shield)
rNeg     + . .     Faith    .   c - +0 robe
rPois    ∞         Spirit   .   k - +0 helmet
rElec    +         Reflect  .   (no cloak)
rCorr    .         Harm     .   i - +1 pair of gloves
MR       .....                  (no boots)
Stlth    ++........             (no amulet)
Regen    0.1/turn               (no ring)
MPRegen  0.1/turn               (no ring)

@: no status effects
A: negative energy resistance 1, electricity resistance, unbreathing,
petrification resistance, rot immunity, AC +3
a: no special abilities


You were on level 2 of the Dungeon.
You were not hungry.

You visited 1 branch of the dungeon, and saw 2 of its levels.

You collected 57 gold pieces.

Inventory:

Hand Weapons
 h - a cursed +1 spear (weapon)
Missiles
 b - 62 stones (quivered)
Armour
 c - a +0 robe (worn)
 i - a +1 pair of gloves (worn)
 k - a +0 helmet (worn)
Jewellery
 l - an uncursed ring of fire {unknown}
Scrolls
 g - a scroll of identify
 j - a scroll of amnesia
 m - a scroll of teleportation
 n - a scroll of enchant weapon
Potions
 a - a potion of heal wounds {unknown}
 f - a potion of ambrosia
Books
 e - a book of Geomancy

   Spells                             Type                      Level
   a - Sandblast                      Earth                        1
   b - Passwall                       Transmutation/Earth          2
   c - Stone Arrow                    Conjuration/Earth            3
   d - Petrify                        Transmutation/Earth          4
   e - Lee's Rapid Deconstruction     Earth                        5
Comestibles
 d - a bread ration


   Skills:
 - Level 1.5 Dodging
 - Level 2.1 Stealth
 - Level 2.0 Spellcasting
   Level 0.7 Transmutations
 + Level 5.4 Earth Magic


You had 5 spell levels left.
You knew the following spells:

 Your Spells              Type           Power        Failure   Level  Hunger
a - Sandblast             Erth           ###...       2%          1    #......


Dungeon Overview and Level Annotations

Branches:
Dungeon (2/15)

Altars:


Innate Abilities, Weirdness & Mutations

You are resistant to torment.
Your stone body is resilient. (AC +3)
You are immune to poison.
You resist negative energy. (rN+)
You are resistant to electric shocks. (rElec)
You can survive without breathing.
You are immune to petrification.
You are immune to rotting.


Message History

There are monsters nearby!
Attack whom?
Press: ? - help, Dir - move target cursor, f - frilled lizard
Aim: a frilled lizard (resting)
You reach to attack!
The helpless frilled lizard fails to defend itself.
You hit the frilled lizard.
The frilled lizard is heavily wounded.
You closely miss the frilled lizard.
The frilled lizard is heavily wounded.
The frilled lizard barely misses you.
You barely miss the frilled lizard.
The frilled lizard is heavily wounded.
The frilled lizard bites you but does no damage.
You hit the frilled lizard.
You kill the frilled lizard!
No target in view!
Welcome back, Jebus the Gargoyle Earth Elementalist.
Press ? for a list of commands and other information.
Are you sure you want to abandon this character and quit the game? (Confirm with "yes".)

.. ###########...
#>............
#..@.......$.b
######.###### #.# #.#
#.# . #.# ########.
#.#####........
#.....'........
##############........


There were no monsters in sight!

Vanquished Creatures
  An ooze (D:1)
  2 worms (D:2)
  2 dart slugs (D:1)
  A leopard gecko (D:1)
  3 bats (D:1)
  A giant cockroach (D:1)
  3 goblins
  3 hobgoblins (D:1)
  4 jackals (D:1)
  2 kobolds
  3 frilled lizards
25 creatures vanquished.

Notes
Turn   | Place    | Note
-------+----------+-------------------------------------------
     0 | D:1      | Jebus the Gargoyle Earth Elementalist began the quest for the Orb.
     0 | D:1      | Reached XP level 1. HP: 10/10 MP: 3/3
    88 | D:1      | Reached skill level 4 in Earth Magic
    88 | D:1      | Reached XP level 2. HP: 12/15 MP: 5/5
   450 | D:1      | Reached XP level 3. HP: 19/19 MP: 4/6
   457 | D:1      | Reached skill level 5 in Earth Magic
   881 | D:2      | Quit the game

Skill      XL: |  1  2  3 |
---------------+----------+-----
Earth Magic    | 4 5 |  5.4
Dodging        | |  1.5
Stealth        | |  2.1
Spellcasting   | |  2.0
Transmutations | |  0.7

Action                   || total
-------------------------++-------
Melee: Spear             ||    73
 Cast: Sandblast         ||    13
  Use: Scroll            ||     5
 Stab: Sleeping          ||     2
       Distracted        ||     1
Armor: Robe              ||    20
Dodge: Dodged            ||    40
